 Dungeon Crawl Stone Soup version 0.28-a0-750-g7c675f85b1 (webtiles) character file.

Game seed: 15107956732403148261

80 KoroneIsBestGirl the Firebug (level 4, -1/58 HPs)
             Began as an Ogre Fire Elementalist on Oct 29, 2021.
             Succumbed to an orc wizard's poison
             ... on level 3 of the Dungeon.
             The game lasted 00:03:13 (3153 turns).

KoroneIsBestGirl the Firebug (OgFE)                 Turns: 3153, Time: 00:03:14

Health: -1/58      AC:  3    Str: 12    XL:     4   Next: 39%
Magic:  1/8        EV: 10    Int: 17    God:
Gold:   97         SH:  0    Dex:  9    Spells: 3/9 levels left

rFire   . . .      SeeInvis .   l - +1 trident
rCold   . . .      Faith    .   (no shield)
rNeg    + . .      Spirit   .   a - +0 robe
rPois   .          Reflect  .   (helmet restricted)
rElec   .          Harm     .   (no cloak)
rCorr   .          Rampage  .   (gloves unavailable)
Will    .....                   (boots unavailable)
Stlth   ..........              (no amulet)
HPRegen 0.19/turn               i - ring of positive energy
MPRegen 0.11/turn               (no ring)

@: berserking, lethally poisoned (-1 -> -35), very quick
A: large, unfitting armour, tough skin 1
a: no special abilities


You were on level 3 of the Dungeon.
You visited 1 branch of the dungeon, and saw 3 of its levels.

You collected 97 gold pieces.

Inventory:

Hand Weapons
 l - a +1 trident (weapon)
Armour
 a - a +0 robe (worn)
Jewellery
 i - a ring of positive energy (left hand)
Wands
 j - a wand of flame (12)
Scrolls
 b - a scroll of identify {unknown}
 d - a scroll of enchant weapon
Potions
 c - 3 potions of berserk rage
 e - a potion of curing {unknown}
 k - 2 potions of flight {unknown}


   Skills:
 + Level 2.4 Dodging
 - Level 1.4 Stealth
 + Level 3.2 Spellcasting
 + Level 1.7 Conjurations
 + Level 3.3 Fire Magic
 + Level 0.5 Ice Magic


You had 3 spell levels left.
You knew the following spells:

 Your Spells              Type           Power      Damage    Failure   Level
a - Foxfire               Conj/Fire      44%        2x1d6     6%          1
b - Scorch                Fire           28%        2d6       7%          2
c - Frozen Ramparts       Ice            8%         1d2       38%         3

Your spell library contained the following spells:

 Spells                   Type           Power      Damage    Failure   Level
 Freeze                   Ice            16%        1d4       14%         1
 Conjure Flame            Conj/Fire      11%        6-21      19%         3
 Inner Flame              Hex/Fire       8%         N/A       26%         3
 Flame Wave               Conj/Fire      11%        3d4       52%         4
 Hailstorm                Conj/Ice       6%         3d4       73%         4


Dungeon Overview and Level Annotations

Branches:
Dungeon (3/15)

Altars:
Yredelemnul


Innate Abilities, Weirdness & Mutations

You are too large for most types of armour.
You have tough skin. (AC +1)


Message History

Confirm with . or Enter, or press ? or * to list all spells.
Flames lash the orc.
You kill the orc!
The orc hits you with a +0 mace.
Casting: Scorch (safe; 7% risk of failure)
Confirm with . or Enter, or press ? or * to list all spells.
Flames lash the orc.
You kill the orc!
The orc hits you with a +0 mace.
Casting: Scorch (safe; 7% risk of failure)
Confirm with . or Enter, or press ? or * to list all spells.
Flames lash the orc.
The orc is almost dead.
The orc's fire resistance burns away.
Casting: Scorch (safe; 7% risk of failure)
Confirm with . or Enter, or press ? or * to list all spells.
Flames lash something.
Casting: Scorch (safe; 7% risk of failure)
Confirm with . or Enter, or press ? or * to list all spells.
You don't have enough magic to cast this spell.
You miss something.
The orc is no longer more vulnerable to fire.
Something hits you but does no damage.
You are poisoned.
You hit something but do no damage.
You feel sick. Something hits you.
* * * LOW HITPOINT WARNING * * *
You are lethally poisoned!
Something hits you.
* * * LOW HITPOINT WARNING * * *
You are more poisoned.
It was a potion of berserk rage.
A red film seems to cover your vision as you go berserk!
You feel yourself moving faster!
You feel mighty!
* * * LOW HITPOINT WARNING * * *
You feel very sick. Something hits you.
* * * LOW HITPOINT WARNING * * *
You are more poisoned.
You miss something.
You die...

#.## *<* ####
#..# *,* ...#
##.# *,*
##.####.######
*,*
#...........#
*,*
######.####.#
*,* #.# #.#
*,* #.#
#.########.#
#<#
#....@.o...#
#.#
############
#######.#
........#
#########


You could see an orc.

Vanquished Creatures
  4 adders
  A dart slug (D:1)
  2 orcs (D:3)
  5 endoplasms
  2 giant cockroaches (D:2)
  A goblin (D:2)
  4 hobgoblins
  4 kobolds
  6 ball pythons
  4 bats
  4 frilled lizards
  5 rats
42 creatures vanquished.

Vanquished Creatures (others)
  105 foxfires
105 creatures vanquished.

Grand Total: 147 creatures vanquished

Notes
Turn   | Place    | Note
-------+----------+-------------------------------------------
     0 | D:1      | KoroneIsBestGirl the Ogre Fire Elementalist began the quest
                  | for the Orb.
     0 | D:1      | Reached XP level 1. HP: 16/16 MP: 3/3
   296 | D:1      | Reached skill level 1 in Conjurations
   296 | D:1      | Reached XP level 2. HP: 24/24 MP: 1/5
  1430 | D:2      | Reached XP level 3. HP: 31/31 MP: 0/7
  1886 | D:2      | Learned a level 2 spell: Scorch
  1897 | D:2      | Learned a level 3 spell: Frozen Ramparts
  2008 | D:2      | Found a faded altar of an unknown god.
  2212 | D:2      | Found a basalt altar of Yredelemnul.
  2222 | D:2      | Reached XP level 4. HP: 30/39 MP: 4/8
  3153 | D:3      | Succumbed to an orc wizard's poison

Illustrated notes

Levels and vault maps discovered:
D:1:      dpeg_arrival_rooms_c, layout_basic, minmay_misc_feat_room
D:2:      layout_loops_corners, basic_altar,
          shapermc_ecumenical_altar_hornbeckon
D:3:      layout_loops_ring, gammafunk_temple_overflow_elements, uniq_jessica

Skill      XL: |  1  2  3 |
---------------+----------+-----
Dodging        | 2 |  2.4
Conjurations   | 1 |  1.7
Fire Magic     | 3 |  3.3
Spellcasting   | 3 |  3.2
Stealth        | |  1.4
Ice Magic      | |  0.5

Action                   |  1- 3 |  4- 6 || total
-------------------------+-------+-------++-------
Melee: Unarmed           |    18 |       ||    18
       Spear             |    30 |    21 ||    51
       Trident           |       |    16 ||    16
 Cast: Foxfire           |    58 |    16 ||    74
       Scorch            |       |     4 ||     4
  Use: Scroll            |       |     5 ||     5
       Potion            |       |     1 ||     1
 Stab: Sleeping          |       |     1 ||     1
Armor: Robe              |    23 |     8 ||    31
Dodge: Dodged            |    13 |    14 ||    27

Table legend: (Time is in decaauts)
 A = Elapsed time spent in this place.
 B = Non-inter-level travel time spent in this place.
 C = Inter-level travel time spent in this place.
 D = Time resting spent in this place.
 E = Time spent auto-exploring this place.
 F = Levels seen in this place.
 G = Mean time per level.
                   A        B        C        D        E       F      G
               +--------+--------+--------+--------+--------+-----+--------+
         Total |   3166 |   3034 |    132 |      0 |   2706 |   3 | 1055.3 |
       Dungeon |   3166 |   3034 |    132 |      0 |   2706 |   3 | 1055.3 |
               +--------+--------+--------+--------+--------+-----+--------+

Top non-repeatable levels by time:
     D:2: 1462 daAuts
     D:1: 1064 daAuts
     D:3: 640 daAuts
